 Dungeon Crawl Stone Soup version 0.23.2-40-g277498a (webtiles) character file.

Game seed: 9581366651899679503

14394 ClockworkOrrery the Fighter (level 12, 0/84 HPs)
             Began as a Gargoyle Fighter on Oct 12, 2019.
             Was a High Priest of Okawaru.
             Hit by a large rock thrown by a stone giant (31 damage)
             ... on level 2 of the Orcish Mines.
             The game lasted 00:40:15 (11081 turns).

ClockworkOrrery the Fighter (Gargoyle Fighter)     Turns: 11081, Time: 00:40:16

Health: 0/84       AC: 27    Str: 25    XL:     12   Next: 16%
Magic:  10/10      EV:  7    Int:  8    God:    Okawaru [*****.]
Gold:   862        SH:  0    Dex:  8    Spells: 11/11 levels left

rFire    . . .     SeeInvis .   K - +9 great mace of the Thing {drain, +Rage rPois rN++ Dex-2}
rCold    . . .     Gourm    .   (shield currently unavailable)
rNeg     + + +     Faith    .   j - +0 plate armour
rPois    ∞         Spirit   .   r - +1 helmet
rElec    +         Reflect  .   (no cloak)
rCorr    .         Harm     .   (no gloves)
MR       .....                  m - +0 pair of boots
Stlth    ..........             (no amulet)
HPRegen  0.24/turn              q - ring of stealth
MPRegen  0.12/turn              (no ring)

@: no status effects
A: low mp 1, negative energy resistance 1, electricity resistance, unbreathing,
petrification resistance, rot immunity, AC +8
a: Heroism, Finesse, Renounce Religion, Evoke Berserk Rage


You were on level 2 of the Orcish Mines.
You worshipped Okawaru.
Okawaru was extremely pleased with you.
You were not hungry.

You visited 3 branches of the dungeon, and saw 13 of its levels.
You also visited: Sewer.

You collected 862 gold pieces.

Inventory:

Hand Weapons
 b - a +2 whip of electrocution
 z - a +2 mace of holy wrath
 E - the +8 quarterstaff of Musus {crush, *Contam rElec rPois Str+4}
   (You took it off an orc on level 6 of the Dungeon)

   It inflicts extra damage upon your enemies.
   It affects your strength (+4).
   It insulates you from electricity.
   It protects you from poison.
   It causes magical contamination when unequipped.
 K - the +9 great mace of the Thing (weapon) {drain, +Rage rPois rN++ Dex-2}
   (Okawaru gifted it to you on level 8 of the Dungeon)

   A truly terrible weapon, it drains the life of those it strikes.
   It affects your dexterity (-2).
   It protects you from poison.
   It greatly protects you from negative energy.
   It lets you go berserk.
Missiles
 i - 333 stones (quivered)
Armour
 c - a +0 shield
 j - a +0 plate armour (worn)
 m - a +0 pair of boots (worn)
 r - a +1 helmet (worn)
 F - a +2 robe of the Archmagi
Magical Staves
 y - an uncursed staff of conjuration
 I - an uncursed staff of summoning
Jewellery
 q - a ring of stealth (left hand)
 B - an uncursed amulet of magic regeneration
Wands
 w - a wand of flame (27)
 J - a wand of digging (7)
 M - a wand of acid (4)
Scrolls
 h - 6 scrolls of remove curse
 l - a scroll of amnesia
 n - 7 scrolls of teleportation
 v - a scroll of magic mapping
 C - a scroll of blinking {unknown}
 D - a scroll of fear
 H - a scroll of identify
Potions
 a - 6 potions of flight {unknown}
 d - 2 potions of might
 e - 4 potions of heal wounds {unknown}
 g - 5 potions of curing {unknown}
 k - 3 potions of resistance {unknown}
 o - 3 potions of haste
 p - a potion of agility {unknown}
 s - 2 potions of mutation {unknown}
 t - 3 potions of magic {unknown}
 x - 2 potions of lignification {unknown}
 A - a potion of berserk rage {unknown}
 G - a potion of brilliance {unknown}
Comestibles
 f - 17 rations


   Skills:
 * Level 13.4 Fighting
 + Level 9.0 Maces & Flails
 + Level 10.1 Armour
 + Level 10.1 Shields


You had 11 spell levels left.
You didn't know any spells.
Your spell library contained the following spells:

 Spells                   Type           Power        Failure   Level  Hunger
 Confusing Touch          Hex            #.....       99%         1    ##.....
 Confuse                  Hex            #.......     100%        3    ####...
 Gell's Gravitas          Tloc           #.........   100%        3    ####...
 Petrify                  Tmut/Erth      #.......     100%        4    #####..
 Metabolic Englaciation   Hex/Ice        #.........   100%        5    ######.
 Yara's Violent Unravell  Hex/Tmut       #.........   100%        5    ######.


Dungeon Overview and Level Annotations

Branches:
Dungeon (10/15)            Temple (1/1) D:4             Orc (2/2) D:10
   Lair: D:8-11         Elf: Orc:2

Altars:
Ashenzari
Cheibriados
Dithmenos
Elyvilon
Fedhas
Gozag
Hepliaklqana
Kikubaaqudgha
Makhleb
Nemelex Xobeh
Okawaru
Qazlal
Ru
Sif Muna
Trog
Uskayaw
Vehumet
Wu Jian
Xom
Yredelemnul
Zin
The Shining One
Beogh

Shops:
D:8 (


Innate Abilities, Weirdness & Mutations

You are resistant to torment.
Your stone body is resilient. (AC +8)
You are immune to poison.
You resist negative energy. (rN+)
You are resistant to electric shocks. (rElec)
You can survive without breathing.
You are immune to petrification.
You are immune to rotting.
Your magical capacity is low. (-10% MP)


Message History

You now have 862 gold pieces (gained 11).
Things that are here:
a +0 dagger; a +0 robe
There is an open door, spattered with blood here.
Items here: ))) [ ÷ a +2 great sword; a cursed +0 plate armour; a +0 giant spiked club a cursed -3 giant club; an orc skeleton You see here 2 tomahawks.
There is an open door here.
There is an open door here.
You open the door.
There is an open door here.
As you open the door, it creaks loudly!
A stone giant comes into view.
The stone giant throws a large rock.
The large rock hits you!!
All of the chunks of flesh in your inventory have rotted away.
The stone giant throws a large rock.
The large rock hits you!!
You see here 2 large rocks.
The stone giant throws a large rock.
The large rock hits you!!
You die...

######### ### #.......#
§§..#(##'##.#
≈§§§..'@#...#.#
≈≈§§.C###...#.##+###+##
#######.'._)'.........+
#.#...###'####### #####
#.#...#.....#..###
###...#
#.#####....)#.....
###....)###.#
#..⌠))'.....
#......))('.#
#...).#.....
###.....#####
#.....#.....


You could see a stone giant.

Vanquished Creatures
  5 two-headed ogres
  Pikel (D:8)
  An orc knight (Orc:2)
  2 orc sorcerers
  A kobold demonologist (D:9)
  A troll (Orc:1)
  2 hornets
  6 yaks (D:9)
  A wyvern (D:8)
  A vampire (D:9)
  2 wraiths
  2 vampire mosquitoes (D:10)
  2 hungry ghosts (D:10)
  2 wargs
  Duvessa (D:7)
  11 orc warriors
  2 black bears
  7 phantoms
  A sky beast (D:6)
  2 ice beasts
  A necrophage (D:8)
  5 centaurs
  7 ogres
  2 big kobolds
  7 bullfrogs
  Dowan (D:7)
  An elf skeleton (D:8)
  A troll zombie (D:10)
  8 wights
  A howler monkey (D:8)
  A centaur zombie (D:9)
  2 crimson imps
  6 orc priests
  12 orc wizards
  2 centaur skeletons
  2 human zombies (D:8)
  A bullfrog skeleton (D:7)
  5 hounds
  Jessica (D:2)
  A gnoll shaman (D:7)
  3 iguanas
  3 worker ants
  Terence (D:2)
  A human skeleton (D:8)
  5 ogre zombies (D:10)
  An ogre skeleton (D:8)
  A hound skeleton (D:10)
  4 mummies (D:8)
  12 gnolls
  13 adders
  3 river rats (Sewer)
  4 shadow imps
  2 oozes
  An adder zombie (D:7)
  3 adder skeletons
  4 worms
  2 dart slugs (D:5)
  9 leopard geckos
  78 orcs
  3 ball pythons
  7 giant cockroaches
  7 goblins
  6 hobgoblins
  15 jackals
  4 quokkas
  3 bats (D:2)
  6 frilled lizards
  A goblin skeleton (D:10)
  2 hobgoblin zombies (D:10)
  15 kobolds
  4 orc skeletons (D:10)
  13 orc zombies
  A quokka skeleton (D:4)
  9 rats
366 creatures vanquished.

Vanquished Creatures (others)
  2 orcs
  A kobold (D:8)
3 creatures vanquished.

Grand Total: 369 creatures vanquished

Notes
Turn   | Place    | Note
-------+----------+-------------------------------------------
     0 | D:1      | ClockworkOrrery the Gargoyle Fighter began the quest for
                  | the Orb.
     0 | D:1      | Reached XP level 1. HP: 14/14 MP: 1/1
   126 | D:1      | Reached XP level 2. HP: 18/19 MP: 2/2
   538 | D:2      | Noticed Terence
   555 | D:2      | Killed Terence
   555 | D:2      | Reached skill level 4 in Fighting
   555 | D:2      | Reached XP level 3. HP: 3/24 MP: 3/3
   845 | D:2      | Found a hide-covered altar of Uskayaw.
   899 | D:2      | Found a faded altar of an unknown god.
   947 | D:2      | Reached XP level 4. HP: 29/29 MP: 4/4
  1060 | D:2      | Found an iron altar of Okawaru.
  1070 | D:2      | Became a worshipper of Warmaster Okawaru
  1199 | D:2      | Found a sparkling altar of Nemelex Xobeh.
  1339 | D:2      | Noticed Jessica
  1346 | D:2      | Killed Jessica
  1536 | D:2      | Found a burning altar of Makhleb.
  1540 | D:2      | Reached XP level 5. HP: 34/34 MP: 5/5
  1883 | D:3      | Found a hazy altar of Hepliaklqana.
  1951 | D:3      | Found a glowing drain.
  1960 | Sewer    | Entered a sewer
  1990 | Sewer    | Reached skill level 5 in Fighting
  2142 | Sewer    | Noticed a big kobold
  2158 | Sewer    | Killed a big kobold
  2158 | Sewer    | Reached * piety under Okawaru
  2158 | Sewer    | Reached XP level 6. HP: 38/40 MP: 6/6
  2198 | Sewer    | Found a white marble altar of Elyvilon.
  2706 | D:4      | Reached XP level 7. HP: 40/45 MP: 7/7
  2802 | D:4      | Reached skill level 6 in Fighting
  3021 | D:4      | Found a staircase to the Ecumenical Temple.
  3030 | Temple   | Entered the Ecumenical Temple
  3313 | D:4      | Reached skill level 5 in Shields
  3468 | D:4      | Reached skill level 5 in Armour
  3633 | D:4      | Reached ** piety under Okawaru
  3941 | D:5      | Entered Level 5 of the Dungeon
  4076 | D:5      | Reached skill level 7 in Fighting
  4076 | D:5      | Reached XP level 8. HP: 51/53 MP: 8/8
  4475 | D:5      | Found a shadowy altar of Dithmenos.
  4604 | D:6      | Found a sparkling altar of Nemelex Xobeh.
  4715 | D:6      | Reached skill level 8 in Fighting
  4715 | D:6      | Reached skill level 5 in Maces & Flails
  4759 | D:6      | Found a stormy altar of Qazlal.
  4760 | D:6      | Identified the +8 quarterstaff of Musus {crush, *Contam
                  | rElec rPois Str+4}
  4868 | D:6      | Reached *** piety under Okawaru
  5041 | D:6      | Reached XP level 9. HP: 54/60 MP: 9/9
  5109 | D:6      | Found a burning altar of Makhleb.
  5373 | D:7      | Reached skill level 9 in Fighting
  5409 | D:7      | Found a blossoming altar of Fedhas.
  5429 | D:7      | Found a sacrificial altar of Ru.
  5534 | D:7      | Noticed Duvessa
  5534 | D:7      | Noticed Dowan
  5551 | D:7      | Killed Duvessa
  5587 | D:7      | Killed Dowan
  5587 | D:7      | Reached **** piety under Okawaru
  5759 | D:7      | Noticed a two-headed ogre
  5774 | D:7      | Killed a two-headed ogre
  5774 | D:7      | Reached skill level 10 in Fighting
  5776 | D:7      | Reached XP level 10. HP: 45/68 MP: 10/10
  5906 | D:7      | Found an ornate altar of the Wu Jian Council.
  6102 | D:7      | Reached ***** piety under Okawaru
  6297 | D:8      | Found a radiant altar of Vehumet.
  6424 | D:8      | Received a gift from Okawaru
  6438 | D:8      | Got a shimmering great mace {god gift}
  6457 | D:8      | Identified the +9 great mace of the Thing {drain, +Rage
                  | rPois rN++ Dex-2} (Okawaru gifted it to you on level 8 of
                  | the Dungeon)
  6720 | D:8      | Noticed Pikel
  6739 | D:8      | Killed Pikel
  6739 | D:8      | Reached skill level 11 in Fighting
  6849 | D:8      | Found a shattered altar of Ashenzari.
  6945 | D:8      | Found a deep blue altar of Sif Muna.
  7018 | D:8      | Found an ancient bone altar of Kikubaaqudgha.
  7191 | D:8      | Found Odaidd's Antique Weapon Shoppe.
  7304 | D:9      | Noticed a kobold demonologist
  7313 | D:9      | Killed a kobold demonologist
  7313 | D:9      | Reached XP level 11. HP: 71/75 MP: 11/11
  7601 | D:9      | Found a bloodstained altar of Trog.
  7624 | D:9      | Received a gift from Okawaru
  7632 | D:9      | Reached skill level 12 in Fighting
  8358 | D:9      | Gained mutation: Your magical capacity is low. (-10% MP)
                  | [mutagenic glow]
  8396 | D:10     | Entered Level 10 of the Dungeon
  8535 | D:10     | Found a staircase to the Orcish Mines.
  8885 | D:10     | Got a shimmering quarterstaff
  9149 | Orc:1    | Entered Level 1 of the Orcish Mines
  9149 | Orc:1    | Noticed an orc sorcerer
  9153 | Orc:1    | Paralysed by an orc sorcerer for 3 turns
  9164 | D:10     | Noticed a soul eater
  9175 | D:10     | Killed an orc sorcerer
  9323 | Orc:1    | Identified the cursed +3 quarterstaff of Departure {crush,
                  | rElec MP+9 Dex+5} (You found it on level 10 of the Dungeon)
  9424 | Orc:2    | Entered Level 2 of the Orcish Mines
  9611 | Orc:2    | Noticed a two-headed ogre
  9618 | Orc:2    | Killed a two-headed ogre
  9851 | Orc:2    | Noticed a two-headed ogre
  9859 | Orc:2    | Killed a two-headed ogre
  9859 | Orc:2    | Received a gift from Okawaru
  9954 | Orc:2    | Noticed a two-headed ogre
  9964 | Orc:2    | Killed a two-headed ogre
  9964 | Orc:2    | Received a gift from Okawaru
  9964 | Orc:2    | Reached skill level 13 in Fighting
 10818 | Orc:2    | Found a roughly hewn altar of Beogh.
 10823 | Orc:2    | Reached XP level 12. HP: 75/84 MP: 10/10
 10839 | Orc:2    | Noticed a two-headed ogre
 10841 | Orc:2    | Killed a two-headed ogre
 10841 | Orc:2    | Reached skill level 10 in Shields
 10850 | Orc:2    | Reached skill level 10 in Armour
 11077 | Orc:2    | Noticed a stone giant
 11081 | Orc:2    | Hit by a large rock thrown by a stone giant

Skill      XL: |  1  2  3  4  5  6  7  8  9 10 11 12 |
---------------+-------------------------------------+-----
Fighting       | 4 5 7 8 10 11 13 | 13.4
Armour         | 4 5 6 7 8 9 10 | 10.1
Shields        | 4 5 6 7 8 9 10 | 10.1
Maces & Flails | 3 4 5 6 7 8 9 |  9.0

Action                   |  1- 3 |  4- 6 |  7- 9 | 10-12 || total
-------------------------+-------+-------+-------+-------++-------
Melee: Flail             |   117 |     9 |       |       ||   126
       Whip              |       |   204 |   403 |    91 ||   698
       Great mace        |       |       |       |   421 ||   421
  Use: Scroll            |       |     8 |     2 |     6 ||    16
 Stab: Paralysed         |       |       |     1 |       ||     1
  Eat: Chunk             |       |     6 |    11 |    17 ||    34
       Ration            |       |       |       |     3 ||     3
Armor: Scale mail        |     4 |       |       |       ||     4
       Plate armour      |    79 |   123 |   183 |   456 ||   841
Dodge: Dodged            |    25 |    30 |    69 |   221 ||   345
Block: Shield            |    63 |   106 |   179 |    40 ||   388
